 Dungeon Crawl Stone Soup version 0.18-a0-1229-ge9a1a01 (webtiles) character file.

161 gorblad the Magician (level 5, 0/40 HPs)
             Began as a Draconian Ice Elementalist on Jan 29, 2016.
             Slain by an orc wizard
             ... wielding a +0 dagger
              (1 damage)
             ... on level 4 of the Dungeon on Feb 4, 2016.
             The game lasted 00:18:54 (3924 turns).

gorblad the Magician (Draconian Ice Elementalist)   Turns: 3924, Time: 00:18:56

Health: 0/40       AC:  5    Str: 11    XL:     5   Next: 18%
Magic:  10/12      EV: 12    Int: 16    God:
Gold:   136        SH:  0    Dex: 11    Spells: 1 memorised, 12 levels left

rFire  . . .     SeeInvis .     d - -1 spear
rCold  . . .     Gourm    .     (armour unavailable)
rNeg   . . .     Faith    .     (no shield)
rPois  .         Spirit   .     (helmet restricted)
rElec  .         Dismiss  .     (no cloak)
rCorr  .         Reflect  .     (no gloves)
SustAt .         Harm     .     (no boots)
MR     .....                    (no amulet)
Stlth  ++........               (no ring)
                                (no ring)

@: not resistant to hostile enchantments, unstealthy
A: unfitting armour, cold-blooded, AC +5
a: no special abilities


You were on level 4 of the Dungeon.
You were not hungry.

You visited 1 branch of the dungeon, and saw 4 of its levels.

You collected 136 gold pieces.

Inventory:

Hand Weapons
 d - a -1 spear (weapon)
Magical Staves
 p - a cursed staff of fire
Wands
 m - a wand of polymorph (13/24)
Scrolls
 e - a scroll of remove curse
 f - a scroll of teleportation
 l - a scroll of recharging {unknown}
Potions
 h - a potion of heal wounds
 i - a potion of cancellation {unknown}
 j - a potion of agility {unknown}
 k - 2 potions of poison {unknown}
 n - 2 potions of magic {unknown}
Books
 a - a book of Frost

   Spells                             Type                      Level
   a - Freeze                         Ice                          1
   b - Throw Frost                    Conjuration/Ice              2
   c - Ozocubu's Armour               Charms/Ice                   3
   d - Throw Icicle                   Conjuration/Ice              4
   e - Summon Ice Beast               Ice/Summoning                4
   f - Condensation Shield            Ice                          4
Comestibles
 b - 3 bread rations
 c - 3 chunks of flesh
 g - a beef jerky
 o - a slice of pizza


   Skills:
 - Level 1.2 Fighting
 - Level 1.7 Dodging
 - Level 1.7 Stealth
 - Level 0.6 Unarmed Combat
 + Level 4.7 Spellcasting
   Level 1.0 Conjurations
 - Level 3.0 Ice Magic


You had 12 spell levels left.
You knew the following spells:

 Your Spells              Type           Power        Failure   Level  Hunger
a - Freeze                Ice            ##..         6%          1    None


Dungeon Overview and Level Annotations

Branches:
Dungeon (4/15)
 Temple: D:4-7

Altars:
Cheibriados
Elyvilon
Okawaru
Ru


Innate Abilities, Weirdness & Mutations

Your plain brown scales are hard (AC +5).
Your body does not fit into most forms of armour.
You are cold-blooded and may be slowed by cold attacks.


Message History

You freeze the orc wizard.
The orc wizard is severely wounded.
The giant gecko closely misses you.
The orc wizard hits you but does no damage.
The orc barely misses you. The giant gecko bites you.
* * * LOW HITPOINT WARNING * * *
The orc closely misses you.
Unknown command.
Casting: Freeze
Confirm with . or Enter, or press ? or * to list all spells.
Aiming: Freeze
Press: ? - help, Shift-Dir - straight line, f/p - orc wizard
Aim: an orc wizard, wielding a dagger and wearing a robe (severely wounded, fast)
You freeze the orc wizard.
The orc wizard is almost dead.
The orc wizard casts a spell at you. The puff of flame hits you!
* * * LOW HITPOINT WARNING * * *
The giant gecko barely misses you. The orc wizard hits you with a dagger.
You die...

#...... #......#####
.......... #.......#
###.......#
..........# #...ool.#
#...o@..# ####....#
#..>.# #....#
########+## #....#
...........
####....######(......#
.............+........
#######.######......#.
#(# #.<....#.


You could see an orc wizard, 2 orcs and a giant gecko.

Vanquished Creatures
  2 adders (D:2)
  4 gnolls
  An adder skeleton (D:4)
  2 worms
  A giant gecko (D:3)
  11 orcs
  7 giant cockroaches
  6 goblins
  7 hobgoblins
  7 jackals
  3 quokkas
  2 ball pythons
  14 bats
  5 giant newts
  A jackal skeleton (D:4)
  3 kobolds
  5 rats
81 creatures vanquished.

Notes
Turn   | Place    | Note
--------------------------------------------------------------
     0 | D:1      | gorblad the Draconian Ice Elementalist began the quest for the Orb.
     0 | D:1      | Reached XP level 1. HP: 14/14 MP: 3/3
    97 | D:1      | Reached XP level 2. HP: 15/20 MP: 0/5
   551 | D:1      | Reached skill level 1 in Fighting
   672 | D:1      | Reached XP level 3. HP: 25/28 MP: 4/7
  1804 | D:2      | Reached XP level 4. HP: 35/35 MP: 6/9
  2302 | D:3      | Reached skill level 4 in Spellcasting
  2470 | D:3      | Found a white marble altar of Elyvilon.
  2473 | D:3      | Found a sacrificial altar of Ru.
  2524 | D:3      | Found an iron altar of Okawaru.
  3184 | D:3      | Reached XP level 5. HP: 40/40 MP: 2/11
  3713 | D:3      | Upgraded the game from 0.18-a0-1195-g77a4f03 to 0.18-a0-1229-ge9a1a01
  3795 | D:4      | Found a snail-covered altar of Cheibriados.
  3924 | D:4      | HP: 1/40 [orc wizard/puff of flame (6)]
  3924 | D:4      | Slain by an orc wizard

Vault maps used:
D:1:      dpeg_arrival_tiny_f, feat_on_display
D:2:      first_bread, wad_orctagon
D:3:      okawaru_metal_pillars_3, grunt_temple_overflow_open,
          minmay_misc_feat_roman
D:4:      temple_pool_b, cheibriados_altar_1

Action                   |  1- 3 |  4- 6 || total
-------------------------+-------+-------++-------
Melee: Unarmed           |    39 |       ||    39
       Spear             |    15 |   124 ||   139
 Cast: Freeze            |    63 |    54 ||   117
  Use: Scroll            |     2 |     4 ||     6
 Stab: Sleeping          |     3 |     4 ||     7
       Distracted        |     1 |     1 ||     2
  Eat: Chunk             |     3 |     7 ||    10
